 Dungeon Crawl Stone Soup version 0.25.1-2-g60ff931df9 (webtiles) character file.

Game seed: 9534794885224453682

1125 raphialitos the Covert (level 8, 0/37 HPs)
             Began as a Spriggan Enchanter on Oct 20, 2020.
             Was a Plaything of Xom.
             Slain by a jelly (2 damage)
             ... on level 5 of the Dungeon.
             The game lasted 00:23:52 (5742 turns).

raphialitos the Covert (Spriggan Enchanter)         Turns: 5742, Time: 00:23:53

Health: 0/37       AC: -1    Str:  4    XL:     8   Next: 13%
Magic:  26/26      EV: 22    Int: 17    God:    Xom [.....*]
Gold:   230        SH:  0    Dex: 18    Spells: 5/17 levels left

rFire    . . .     SeeInvis +   c - +1 dagger (freeze)
rCold    . . .     Gourm    .   (shield restricted)
rNeg     . . .     Faith    .   b - +1 robe
rPois    .         Spirit   .   (helmet restricted)
rElec    .         Reflect  .   (no cloak)
rCorr    +         Harm     .   (gloves unavailable)
MR       +....                  (boots unavailable)
Stlth    ++++......             t - amulet of regeneration
HPRegen  0.52/turn              g - ring of resist corrosion
MPRegen  0.20/turn              y - ring of magical power

@: corroded, very quick
A: very small, unfitting armour, see invisible, herbivore, speed 3, slow
metabolism 2
a: Renounce Religion


You were on level 5 of the Dungeon.
You worshipped Xom.
You were Xom's teddy bear.
You were near starving.

You visited 1 branch of the dungeon, and saw 5 of its levels.
You also visited: Sewer.

You collected 230 gold pieces.

Inventory:

Hand Weapons
 c - a +1 dagger of freezing (weapon)
Missiles
 e - 40 arrows
 h - 5 curare-tipped darts (quivered)
 r - 45 bolts
 v - 3 boomerangs
 x - 11 sling bullets
 z - 16 poisoned darts
Armour
 b - a +1 robe (worn)
 f - a +2 buckler
Magical Staves
 I - an uncursed staff of wizardry
Jewellery
 g - a ring of resist corrosion (left hand)
 q - an uncursed ring of poison resistance
 t - an amulet of regeneration (around neck)
 y - a ring of magical power (right hand)
Wands
 l - a wand of digging (8)
 G - a wand of polymorph (9)
Scrolls
 i - a scroll of amnesia
 k - 3 scrolls of remove curse
 A - 2 scrolls of fear
 B - a scroll of enchant armour
 C - 2 scrolls of enchant weapon {unknown}
 H - a scroll of identify
Potions
 a - a potion of mutation {unknown}
 j - a potion of berserk rage {unknown}
 m - a potion of magic {unknown}
 n - 5 potions of curing
 o - a potion of ambrosia
 p - 3 potions of heal wounds
 s - a potion of cancellation {unknown}
 u - a potion of lignification {unknown}
 w - 8 potions of might
 D - 3 potions of flight {unknown}
 E - a potion of brilliance {unknown}
 F - a potion of stabbing {unknown}
Comestibles
 d - 10 rations


   Skills:
 + Level 1.3 Fighting
 + Level 3.6 Short Blades
 + Level 6.1 Dodging
 + Level 8.1 Stealth
 + Level 2.2 Shields
 + Level 5.3 Spellcasting
 + Level 0.2 Conjurations
 + Level 5.8 Hexes
 + Level 0.7 Ice Magic


You had 5 spell levels left.
You knew the following spells:

 Your Spells              Type           Power        Failure   Level  Hunger
a - Corona                Hex            ###....      1%          1    None
b - Ensorcelled Hibernat  Hex/Ice        ###...       5%          2    #......
c - Confusing Touch       Hex            ###.....     3%          3    ##.....
d - Tukima's Dance        Hex            ###.....     3%          3    ##.....
e - Dazzling Flash        Conj/Hex       ##....       12%         3    ##.....

Your spell library contained the following spells:

 Spells                   Type           Power        Failure   Level  Hunger


Dungeon Overview and Level Annotations

Branches:
Dungeon (5/15)             Temple (0/1) D:5           Sewer (visited)

Altars:
Dithmenos
Hepliaklqana
Xom
Yredelemnul
Beogh

Annotations:
D:5 3 runed translucent doors, Gazorpazorpfield's ghost, novice DECj


Innate Abilities, Weirdness & Mutations

You are very small and have problems with some larger weapons.
You are too small for most types of armour.
You have supernaturally acute eyesight. (SInv)
You are a herbivore.
You cover ground extremely quickly.
You need to consume almost no food.


Message History

The jelly barely misses you.
You hit the jelly but do no damage.
Your hands burn!
The shadow imp barely misses you. The jelly hits you. The acid corrodes you!
You are splashed with acid.
You resist.
You hit the jelly but do no damage.
Your hands burn!
The shadow imp hits you.
* * * LOW HITPOINT WARNING * * *
You emit a cloud of colourful smoke!
You hit the jelly but do no damage.
Your hands burn!
* * * LOW HITPOINT WARNING * * *
The jelly misses you.
You completely miss the jelly. The shadow imp misses you. The jelly hits you.
* * * LOW HITPOINT WARNING * * *
You are splashed with acid.
You resist.
* * * LOW HITPOINT WARNING * * *
You hit the jelly but do no damage.
Your hands burn!
* * * LOW HITPOINT WARNING * * *
The shadow imp hits you.
* * * LOW HITPOINT WARNING * * *
The jelly hits you.
You die...

### #.#
################## #.#
#................# #.#
#.##################
#'###.##................
........#...#..§#J..#...
......#........§@5......
......###...#)..#...#...
).....##................
######
...######################
#....† ...##.#
#........##.# ####..
#..##.#######........##.#
###
...................####.#
#######
...##.######......## #.#
#...... ......#
#.####.#####.# #.#####


You could see a jelly (corona) and a shadow imp.

Vanquished Creatures
  Prince Ribbit (D:5)
  Sigmund (D:5)
  An ice beast (D:5)
  A big kobold (Sewer)
  An orc priest (D:5)
  3 orc wizards
  Natasha (thrice) (D:3)
  Ijyb (D:5)
  Terence (D:3)
  A worker ant (D:5)
  2 gnolls (D:5)
  5 river rats (Sewer)
  12 adders
  2 oozes
  2 worms
  A dart slug (D:3)
  A leopard gecko (D:1)
  15 orcs
  4 ball pythons
  7 giant cockroaches
  4 hobgoblins
  14 jackals
  15 kobolds
  2 quokkas
  15 bats
  7 frilled lizards
  4 goblins
  21 rats
147 creatures vanquished.

Vanquished Creatures (collateral kills)
  A big kobold (Sewer)
  2 orc wizards (D:5)
  A gnoll (D:5)
  A river rat (Sewer)
  3 orcs (D:3)
  A ball python (Sewer)
  3 kobolds (Sewer)
  2 rats (Sewer)
14 creatures vanquished.

Vanquished Creatures (others)
  8 dancing weapons
8 creatures vanquished.

Grand Total: 169 creatures vanquished

Notes
Turn   | Place    | Note
-------+----------+-------------------------------------------
     0 | D:1      | raphialitos the Spriggan Enchanter began the quest for the
                  | Orb.
     0 | D:1      | Reached XP level 1. HP: 9/9 MP: 5/5
   385 | D:1      | Reached XP level 2. HP: 13/13 MP: 4/6
   389 | D:1      | Learned a level 2 spell: Ensorcelled Hibernation
   910 | D:1      | Reached skill level 5 in Stealth
  1035 | D:1      | Found a shimmering altar of Xom.
  1037 | D:1      | Found a shattered altar of Ashenzari.
  1037 | D:1      | Found a shattered altar of Ashenzari.
  1041 | D:1      | Found a bloodstained altar of Trog.
  1041 | D:1      | Found a bloodstained altar of Trog.
  1041 | D:1      | Found a snail-covered altar of Cheibriados.
  1068 | D:1      | Became a worshipper of Xom of Chaos
  1161 | D:1      | XOM: silly message
  1381 | D:1      | XOM: divination: magic mapping
  1425 | D:2      | Reached XP level 3. HP: 16/16 MP: 6/8
  1436 | D:2      | Learned a level 3 spell: Confusing Touch
  1490 | D:2      | XOM: cloud trail
  1776 | D:2      | XOM: cast spell 'Cause Fear'
  1789 | D:2      | Reached XP level 4. HP: 16/21 MP: 9/9
  1808 | D:2      | Learned a level 3 spell: Tukima's Dance
  1937 | D:2      | Found a shadowy altar of Dithmenos.
  1997 | D:2      | Found a basalt altar of Yredelemnul.
  1997 | D:2      | Found a hazy altar of Hepliaklqana.
  2041 | D:2      | XOM: 2-stop teleportation journey
  2199 | D:2      | XOM: god gift: blackened emerald ring {god gift}
  2346 | D:2      | XOM: scenery: create altars
  2579 | D:3      | Reached skill level 6 in Stealth
  2668 | D:3      | Noticed Natasha
  2695 | D:3      | XOM: potion effect (haste)
  2718 | D:3      | XOM: potion effect (might)
  2719 | D:3      | XOM: potion effect (stabbing)
  2721 | D:3      | Killed Natasha
  2721 | D:3      | Reached XP level 5. HP: 11/24 MP: 10/11
  2789 | D:3      | Noticed Natasha
  2797 | D:3      | Killed Natasha
  2898 | D:3      | XOM: divination: detect items
  2905 | D:3      | XOM: divination: magic mapping
  3097 | D:3      | Noticed Terence
  3118 | D:3      | XOM: silly message
  3126 | D:3      | Killed Terence
  3335 | D:3      | Reached skill level 1 in Shields
  3405 | D:3      | Noticed Natasha
  3410 | D:3      | XOM: confusion
  3418 | D:3      | Killed Natasha
  3418 | D:3      | Reached skill level 5 in Dodging
  3418 | D:3      | Reached XP level 6. HP: 29/29 MP: 12/12
  3524 | D:3      | Learned a level 3 spell: Dazzling Flash
  3676 | D:4      | XOM: god gift: potion of might
  3749 | D:4      | You fall into a shaft and drop 1 floor!
  3749 | D:5      | Entered Level 5 of the Dungeon
  3749 | D:5      | Found a runed translucent gate.
  3749 | D:5      | Found a runed translucent gate.
  3750 | D:5      | Noticed Gazorpazorpfield's ghost (novice DECj)
  3751 | D:5      | Identified the cursed +0 short sword of Deflation {protect,
                  | rElec MP+9 Int-4 Dex+2}
  3751 | D:5      | Identified the +2 ring mail of Gahy {Harm rElec Stlth-}
  3764 | D:5      | Found a staircase to the Ecumenical Temple.
  3834 | D:5      | Noticed an ice beast
  3836 | D:5      | Killed an ice beast
  3846 | D:5      | Noticed Sigmund
  3877 | D:5      | Killed Sigmund
  3877 | D:5      | Reached skill level 7 in Stealth
  3894 | D:5      | Reached XP level 7. HP: 13/32 MP: 1/14
  3897 | D:5      | Reached skill level 5 in Hexes
  3929 | D:5      | XOM: divination: magic mapping
  4100 | D:5      | Found a glowing drain.
  4101 | D:5      | Noticed Prince Ribbit
  4145 | Sewer    | Entered a sewer
  4186 | Sewer    | XOM: summons friendly crimson imp
  4193 | Sewer    | XOM: smoke on damage
  4211 | Sewer    | XOM: scenery: create altars
  4480 | Sewer    | XOM: enchant monster (bad)
  4504 | Sewer    | Reached skill level 1 in Fighting
  4514 | Sewer    | HP: 1/33 [river rat (7)]
  4621 | Sewer    | XOM: summons 7 friendly demons
  4638 | Sewer    | Reached skill level 5 in Spellcasting
  4977 | D:5      | Killed Prince Ribbit
  4983 | D:5      | XOM: cleaving
  4994 | D:5      | Reached XP level 8. HP: 34/37 MP: 9/16
  4994 | D:5      | XOM: god gift: scroll of random uselessness
  5112 | D:5      | Noticed Ijyb
  5114 | D:5      | Killed Ijyb
  5182 | D:5      | XOM: god gift: thick glowing staff {god gift}
  5226 | D:5      | XOM: butterfly on damage
  5243 | D:5      | Reached skill level 8 in Stealth
  5328 | D:5      | Found a runed translucent gate.
  5328 | D:5      | Identified the +2 chain mail of Divine Compulsion {rCorr
                  | MP+9 Str+4}
  5329 | D:5      | Found a roughly hewn altar of Beogh.
  5540 | D:5      | XOM: smoke on damage
  5739 | D:5      | XOM: smoke on damage
  5742 | D:5      | Slain by a jelly

Illustrated notes

Levels and vault maps discovered:
D:1:      shiori_shiawase, layout_basic, doesnt_xom_only_xom
D:2:      layout_loops_ring, grunt_dithmenos_smoke_and_mirrors,
          gammafunk_temple_overflow_elements, first_ration
D:3:      layout_loops_ring, uniq_terence, uniq_natasha
D:4:      layout_cave_pools, elyvilon_altar_3, dk_noncrumbling_4,
          minmay_starry_boxes
D:5:      layout_basic, lemuel_coloured_pillars_altar, minmay_temple_entry_mist,
          gup_sewer_entry_glass, biasface_ghost_orc_armoury,
          uniq_prince_ribbit1, uniq_ijyb, uniq_sigmund

Skill      XL: |  1  2  3  4  5  6  7  8 |
---------------+-------------------------+-----
Hexes          | 4 5 |  5.8
Stealth        | 5 6 7 8 |  8.1
Spellcasting   | 3 4 5 |  5.3
Short Blades   | 2 3 |  3.6
Dodging        | 4 5 6 |  6.1
Shields        | 1 2 |  2.2
Fighting       | 1 |  1.3
Conjurations   | |  0.2
Ice Magic      | |  0.7

Action                   |  1- 3 |  4- 6 |  7- 9 || total
-------------------------+-------+-------+-------++-------
Melee: Dagger            |   133 |   156 |   400 ||   689
       Staff             |       |       |     7 ||     7
Throw: Dart              |       |     2 |       ||     2
 Cast: Corona            |    12 |     6 |     8 ||    26
       Ensorcelled Hiber |     4 |    13 |       ||    17
       Tukima's Dance    |       |    12 |     7 ||    19
       Confusing Touch   |       |     3 |     1 ||     4
       Dazzling Flash    |       |     1 |    11 ||    12
  Use: Scroll            |     5 |     7 |       ||    12
       Potion            |       |       |     2 ||     2
 Stab: Sleeping          |    13 |    18 |    11 ||    42
       Confused          |       |     3 |       ||     3
       Invisible         |       |     1 |    15 ||    16
       Distracted        |       |       |     1 ||     1
  Eat: Ration            |       |     1 |     2 ||     3
Armor: Robe              |    15 |    17 |    67 ||    99
Dodge: Dodged            |    85 |   111 |   529 ||   725
Block: Buckler           |    45 |    66 |   212 ||   323
